 Dungeon Crawl Stone Soup version 0.29-a0-998-g1987434951 (webtiles) character file.

Game seed: 8092751815374395410

27 Newt the Shooter (level 3, 0/20 HPs)
             Began as a Kobold Arcane Marksman on Aug 5, 2022.
             Slain by a worm (10 damage)
             ... on level 2 of the Dungeon.
             The game lasted 00:01:25 (1002 turns).

Newt the Shooter (Kobold Arcane Marksman)           Turns: 1002, Time: 00:01:25

Health: 0/20       AC:  3    Str:  7    XL:     3   Next: 25%
Magic:  4/4        EV: 15    Int: 14    God:
Gold:   16         SH:  0    Dex: 17    Spells: 3/4 levels left

rFire   . . .      SeeInvis +   a - +1 sling
rCold   . . .      Faith    .   (no shield)
rNeg    . . .      Spirit   .   c - +0 robe
rPois   .          Reflect  .   i - +0 helmet
rElec   .          Harm     .   (no cloak)
rCorr   .          Rampage  .   (no gloves)
Will    .....                   (no boots)
Stlth   +++.......              (no amulet)
HPRegen 0.06/turn               h - ring of see invisible
MPRegen 0.09/turn               (no ring)

@: about to teleport
A: small, no large weapons, nightstalker 3
a: no special abilities


You were on level 2 of the Dungeon.
You visited 1 branch of the dungeon, and saw 2 of its levels.

You collected 16 gold pieces.

Inventory:

Hand Weapons
 a - a +1 sling (weapon)
Armour
 c - a +0 robe (worn)
 i - a +0 helmet (worn)
Jewellery
 h - a ring of see invisible (left hand)
Scrolls
 b - a scroll of vulnerability
 k - a scroll of immolation {unknown}
Potions
 d - 3 potions of curing {unknown}


   Skills:
 + Level 1.4 Fighting
 + Level 4.4 Ranged Weapons
 - Level 2.4 Dodging
 + Level 0.8 Stealth
 + Level 1.1 Spellcasting
 - Level 3.0 Hexes


You had 3 spell levels left.
You knew the following spells:

 Your Spells              Type           Power      Damage    Failure   Level
a - Slow                  Hex            36%        N/A       8%          1

Your spell library contained the following spells:

 Spells                   Type           Power      Damage    Failure   Level
 Inner Flame              Hex/Fire       4%         N/A       38%         3
 Portal Projectile        Hex/Tloc       8%         N/A       38%         3
 Cause Fear               Hex            4%         N/A       58%         4


Dungeon Overview and Level Annotations

Branches:
Dungeon (2/15)

Altars:


Innate Abilities, Weirdness & Mutations

You are small and have problems with some larger weapons.
You are completely attuned to the shadows.


Message History

The bat is moderately wounded.
You hear an angry hiss.
The bat closely misses you.
You shoot a sling bullet. The sling bullet hits the goblin!
You kill the goblin!
The bat closely misses you.
You shoot a sling bullet. The sling bullet barely misses the bat.
The bat closely misses you. The bat barely misses you.
A frilled lizard comes into view.
You shoot a sling bullet.
The sling bullet misses the frilled lizard.
The bat hits you but does no damage.
The frilled lizard bites you but does no damage.
You shoot a sling bullet.
The sling bullet closely misses the frilled lizard.
The bat hits you but does no damage. The frilled lizard misses you.
You shoot a sling bullet.
The sling bullet misses the frilled lizard.
The bat closely misses you. The frilled lizard barely misses you.
You shoot a sling bullet.
The sling bullet barely misses the frilled lizard.
The bat closely misses you. The frilled lizard bites you.
You shoot a sling bullet.
The sling bullet closely misses the bat.
The sling bullet hits the worm.
The worm is moderately wounded.
The bat hits you. The frilled lizard barely misses you.
The frilled lizard closely misses you.
You shoot a sling bullet. The sling bullet hits the worm.
The worm is moderately wounded.
The frilled lizard closely misses you.
You shoot a sling bullet. The sling bullet hits the worm.
The worm is heavily wounded.
The worm bites you.
The frilled lizard hisses.
The frilled lizard completely misses you.
As you read the scroll of teleportation, it crumbles to dust.
You feel strangely unstable. The frilled lizard misses you. The worm bites you!
Ouch! That really hurt!
You die...

*,,,,,,,,,,,,,,,,,,,,,,,,,,,,,,
**,*,***,,,,,***************>,,
****,,,***,***,,** ***** ***.
,,,**,,,,#.* **,,* *,,,* *.
,,,***,*...#* **,*** *,*,* *#
,,,***,.....## *,,,* *,*,*****
,,,,**,......###**,# *,*,,,,,****
,,,,,,,.......b###.##*,*****,,**,
,,,***,......#bw@l...*,* **,**,
,,,,**,.|...######...,,*** *,,*,
,,,,**,....g#### **.#*,,,** *#...
,,,,,,,........# *,.*,*,.####...
******,......#.####*,,,**,...#.#*
*,.....w.....##*,,**###...#
*,.......##...#*,,**#.....##
*,#...##.#.....,,,*#..###..#
*,*###*#.......,,,,..^...#..


You could see a worm, 2 bats and a frilled lizard.

Vanquished Creatures
  3 endoplasms (D:1)
  2 giant cockroaches (D:1)
  3 goblins
  2 jackals (D:1)
  A quokka (D:1)
  6 ball pythons
  3 bats
  2 frilled lizards (D:1)
  2 kobolds (D:1)
  A rat (D:1)
25 creatures vanquished.

Notes
Turn   | Place    | Note
-------+----------+-------------------------------------------
     0 | D:1      | Newt the Kobold Arcane Marksman began the quest for the
                  | Orb.
     0 | D:1      | Reached XP level 1. HP: 12/12 MP: 2/2
    26 | D:1      | Reached skill level 3 in Ranged Weapons
   268 | D:1      | Reached XP level 2. HP: 16/16 MP: 3/3
   601 | D:1      | Reached skill level 4 in Ranged Weapons
   629 | D:1      | Reached XP level 3. HP: 14/20 MP: 4/4
  1002 | D:2      | Slain by a worm

Illustrated notes

Levels and vault maps discovered:
D:1:      psy_arrival_dodecagon, layout_rooms, minmay_stone_trees_small
D:2:      layout_rooms

Skill      XL: |  1  2 |
---------------+-------+-----
Ranged Weapons | 3 4 |  4.4
Fighting       | |  1.4
Dodging        | |  2.4
Stealth        | |  0.8
Spellcasting   | |  1.1
Hexes          | |  3.0

Action                   || total
-------------------------++-------
 Fire: Sling             ||    64
  Use: Scroll            ||     5
Armor: Robe              ||    18
Dodge: Dodged            ||    51

Table legend: (Time is in decaauts)
 A = Elapsed time spent in this place.
 B = Non-inter-level travel time spent in this place.
 C = Inter-level travel time spent in this place.
 D = Time resting spent in this place.
 E = Time spent auto-exploring this place.
 F = Levels seen in this place.
 G = Mean time per level.
                   A        B        C        D        E       F      G
               +--------+--------+--------+--------+--------+-----+--------+
         Total |   1015 |   1015 |      0 |      0 |    880 |   2 |  507.5 |
       Dungeon |   1015 |   1015 |      0 |      0 |    880 |   2 |  507.5 |
               +--------+--------+--------+--------+--------+-----+--------+

Top non-repeatable levels by time:
     D:1: 942 daAuts
     D:2: 73 daAuts
